 Dungeon Crawl Stone Soup version 0.28-a0-43-g560ac104fe (webtiles) character file.

Game seed: 11520395969351048390

294 sanka the Ducker (level 6, 0/53 HPs)
             Began as a Gnoll Monk on July 28, 2021.
             Slain by a phantom (4 damage)
             ... on level 4 of the Dungeon.
             The game lasted 00:04:41 (3913 turns).

sanka the Ducker (Gnoll Monk)                       Turns: 3913, Time: 00:04:42

Health: 0/53       AC:  2    Str: 13    XL:     6   Next: 33%
Magic:  8/8        EV: 15    Int:  9    God:
Gold:   183        SH:  0    Dex: 14    Spells: 8/8 levels left

rFire   . . .      SeeInvis .   a - +0 trident
rCold   . . .      Faith    .   (no shield)
rNeg    . . .      Spirit   .   b - +0 robe
rPois   .          Reflect  .   (no helmet)
rElec   .          Harm     .   (no cloak)
rCorr   .          Rampage  .   (no gloves)
Will    .....                   (no boots)
Stlth   +++.......              (no amulet)
HPRegen 0.17/turn               (no ring)
MPRegen 0.11/turn               (no ring)

@: no status effects
A: fangs 1, strong nose, distributed training
a: no special abilities


You were on level 4 of the Dungeon.
You visited 1 branch of the dungeon, and saw 4 of its levels.

You collected 183 gold pieces.


Innate Abilities, Weirdness & Mutations

You have very sharp teeth.
Your uncanny sense of smell can sniff out nearby items.
Your experience applies equally to all skills.


   Skills:
 + Level 6.8 Fighting
 + Level 1.9 Short Blades
 + Level 1.9 Long Blades
 + Level 1.9 Axes
 + Level 1.9 Maces & Flails
 + Level 6.8 Polearms
 + Level 1.9 Staves
 + Level 1.9 Slings
 + Level 1.9 Bows
 + Level 1.9 Crossbows
 + Level 1.9 Throwing
 + Level 1.9 Armour
 + Level 6.8 Dodging
 + Level 4.6 Stealth
 + Level 1.9 Shields
 + Level 1.9 Unarmed Combat
 + Level 1.9 Spellcasting
 + Level 1.5 Conjurations
 + Level 1.5 Hexes
 + Level 1.5 Summonings
 + Level 1.5 Necromancy
 + Level 1.5 Translocations
 + Level 1.5 Transmutations
 + Level 1.5 Fire Magic
 + Level 1.5 Ice Magic
 + Level 1.5 Air Magic
 + Level 1.5 Earth Magic
 + Level 1.5 Poison Magic
 + Level 2.1 Invocations
 + Level 1.9 Evocations


You had 8 spell levels left.
You didn't know any spells.
Your spell library was empty.

Inventory:

Hand Weapons
 a - a +0 trident (weapon)
 g - a +1 flail of protection
 p - a +0 spear
Armour
 b - a +0 robe (worn)
 i - a +0 chain mail
Scrolls
 c - a scroll of enchant armour {unknown}
 d - a scroll of silence {unknown}
 f - a scroll of teleportation {@r4}
 j - a scroll of blinking {unknown}
 k - a scroll of vulnerability {unknown}
 l - a scroll of magic mapping {unknown}
 n - 3 scrolls of fear {unknown}
 r - a scroll of noise {unknown}
 s - a scroll of amnesia
Potions
 e - a potion of might {unknown}
 h - a potion of berserk rage {unknown}
 m - a potion of attraction {unknown}
 o - a potion of flight {unknown}
 q - a potion of lignification {unknown}

Dungeon Overview and Level Annotations

Branches:
Dungeon (4/15)
 Temple: D:4-7

Altars:
Elyvilon
Gozag

Shops:
D:4

* ▒▒.▒.▒ ....▒ ▒
....▒ ∆ ▒.▒.▒.▒
▒.▒.▒.▒ ▒▒▒...▒.▒
▒.......▒
▒.▒....5▒▒▒▒▒▒▒▒ ▒▒▒
▒▒.▒▒.g......▒ ▒▒.▒
▒....W...▒▒.▒▒▒▒▒▒.▒▒
▒▒▒▒..▒▒.▒........▒▒
.....▒▒....▒▒▒▒▒▒.▒▒
▒▒▒▒▒.▒▒▒▒▒.▒ ▒..▒▒
▒.▒▒▒▒▒.▒ ▒...▒
▒.......▒ ▒..▒.
▒▒▒▒▒▒▒▒▒ ▒.... ▒▒...


You could see a phantom and an ufetubus.


Message History

Unknown command.
You closely miss the phantom.
The phantom is almost destroyed.
The ufetubus completely misses you. The ufetubus misses you.
The phantom closely misses you.
Unknown command.
You closely miss the phantom.
The phantom is almost destroyed.
The ufetubus barely misses you. The ufetubus misses you.
The phantom closely misses you. The ufetubus barely misses you.
The ufetubus hits you.
* * * LOW HITPOINT WARNING * * *
You closely miss the phantom.
The phantom is almost destroyed.
The ufetubus barely misses you. The ufetubus barely misses you.
The phantom hits you!
* * * LOW HITPOINT WARNING * * *
Unknown command.
You barely miss the phantom. Your bite misses the phantom.
The phantom is almost destroyed.
The ufetubus barely misses you. The ufetubus hits you.
* * * LOW HITPOINT WARNING * * *
The phantom hits you.
You die...

Action                   |  1- 3 |  4- 6 || total
-------------------------+-------+-------++-------
Melee: Spear             |    39 |       ||    39
       Bite              |    11 |    16 ||    27
       Flail             |    64 |   102 ||   166
       Trident           |       |    78 ||    78
       Unarmed           |       |    15 ||    15
  Use: Scroll            |       |     2 ||     2
 Stab: Sleeping          |     7 |     6 ||    13
Armor: Robe              |    15 |    26 ||    41
       Skin              |       |     2 ||     2
Dodge: Dodged            |    84 |   161 ||   245

Levels and vault maps discovered:
D:1:      amcnicky_arrival_blooded_trapdoor, layout_basic,
          minmay_close_crescents
D:2:      layout_rooms, shapermc_ecumenical_altar_gd, basic_altar,
          bh_walls_and_bars
D:3:      layout_loops_ring, mainiacjoe_overflow_catwalk, uniq_ijyb,
          uniq_terence
D:4:      layout_loops_cross, serial_shops, nicolae_shop_overgrown_old_shop,
          minmay_statues_item, saegor_snake_ambush

Notes
Turn   | Place    | Note
-------+----------+-------------------------------------------
     0 | D:1      | sanka the Gnoll Monk began the quest for the Orb.
     0 | D:1      | Reached XP level 1. HP: 23/23 MP: 1/1
   232 | D:1      | Reached XP level 2. HP: 29/29 MP: 2/2
   535 | D:1      | Reached XP level 3. HP: 34/35 MP: 3/3
   683 | D:1      | Reached skill level 1 in Invocations
  1255 | D:2      | Reached skill level 1 in Short Blades
  1255 | D:2      | Reached skill level 1 in Long Blades
  1255 | D:2      | Reached skill level 1 in Axes
  1255 | D:2      | Reached skill level 1 in Maces & Flails
  1255 | D:2      | Reached skill level 1 in Staves
  1255 | D:2      | Reached skill level 1 in Slings
  1255 | D:2      | Reached skill level 1 in Bows
  1255 | D:2      | Reached skill level 1 in Crossbows
  1255 | D:2      | Reached skill level 1 in Throwing
  1255 | D:2      | Reached skill level 1 in Armour
  1255 | D:2      | Reached skill level 1 in Shields
  1255 | D:2      | Reached skill level 1 in Unarmed Combat
  1255 | D:2      | Reached skill level 1 in Spellcasting
  1255 | D:2      | Reached skill level 1 in Evocations
  1331 | D:2      | Found a faded altar of an unknown god.
  1421 | D:2      | Reached XP level 4. HP: 39/41 MP: 5/5
  1521 | D:2      | Found an opulent altar of Gozag.
  1891 | D:2      | Reached skill level 1 in Conjurations
  1891 | D:2      | Reached skill level 1 in Hexes
  1891 | D:2      | Reached skill level 1 in Summonings
  1891 | D:2      | Reached skill level 1 in Necromancy
  1891 | D:2      | Reached skill level 1 in Translocations
  1891 | D:2      | Reached skill level 1 in Transmutations
  1891 | D:2      | Reached skill level 1 in Fire Magic
  1891 | D:2      | Reached skill level 1 in Ice Magic
  1891 | D:2      | Reached skill level 1 in Air Magic
  1891 | D:2      | Reached skill level 1 in Earth Magic
  1891 | D:2      | Reached skill level 1 in Poison Magic
  2117 | D:2      | Reached XP level 5. HP: 47/47 MP: 6/6
  2650 | D:3      | Noticed Terence
  2677 | D:3      | Killed Terence
  2870 | D:3      | Noticed Ijyb
  2896 | D:3      | Killed Ijyb
  2993 | D:3      | Found a white marble altar of Elyvilon.
  3434 | D:4      | Found Usuryvin's Assorted Antiques.
  3492 | D:4      | Reached skill level 2 in Invocations
  3492 | D:4      | Reached XP level 6. HP: 15/53 MP: 8/8
  3913 | D:4      | HP: 4/53 [ufetubus (3)]
  3913 | D:4      | Slain by a phantom

Vanquished Creatures
  A scorpion (D:4)
  A jelly (D:4)
  An orc priest (D:2)
  Ijyb (D:3)
  Terence (D:3)
  A gnoll (D:1)
  3 adders
  2 dart slugs (D:1)
  4 orcs
  11 bats
  2 endoplasms (D:1)
  2 giant cockroaches
  8 goblins
  14 hobgoblins
  4 jackals
  6 kobolds
  4 quokkas
  4 ball pythons (D:1)
  5 frilled lizards
  7 rats
82 creatures vanquished.

Vanquished Creatures (others)
  13 demonic plants (D:2)
  8 fungi (D:2)
  6 plants (D:2)
  5 withered plants (D:2)
32 creatures vanquished.

Grand Total: 114 creatures vanquished
